 Dungeon Crawl Stone Soup version 0.25-a0-62-g88673ef095 (webtiles) character file.

Game seed: 6075019002995798935, levelgen mode: deterministic

8 D1HalberdGnoll the Sneak (level 2, 0/14 HPs)
             Began as a Vine Stalker Enchanter on Oct 30, 2019.
             Slain by a bat (1 damage)
             ... on level 1 of the Dungeon.
             The game lasted 00:00:36 (210 turns).

D1HalberdGnoll the Sneak (Vine Stalker Enchanter)    Turns: 210, Time: 00:00:36

Health: 0/14       AC:  2    Str: 10    XL:     2   Next: 8%
Magic:  0/6        EV: 12    Int: 15    God:
Gold:   32         SH:  0    Dex: 14    Spells: 4/5 levels left

rFire    . . .     SeeInvis .   a - +1 dagger
rCold    . . .     Gourm    .   (no shield)
rNeg     . . .     Faith    .   b - +0 robe
rPois    .         Spirit   +   (no helmet)
rElec    .         Reflect  .   (no cloak)
rCorr    .         Harm     .   (no gloves)
MR       .....                  (no boots)
Stlth    +++.......             (no amulet)
HPRegen  0.04/turn              (no ring)
MPRegen  0.10/turn              (no ring)

@: no status effects
A: fangs 2, magic shield, antimagic bite, no potion heal 3, rot immunity
a: no special abilities


You were on level 1 of the Dungeon.
You were not hungry.

You visited 1 branch of the dungeon, and saw 1 of its levels.

You collected 32 gold pieces.

Inventory:

Hand Weapons
 a - a +1 dagger (weapon)
Armour
 b - a +0 robe (worn)
Scrolls
 c - a scroll of identify {unknown}
 e - a scroll of fear {unknown}
Potions
 f - a potion of berserk rage {unknown}
Comestibles
 d - a ration


   Skills:
 + Level 0.3 Fighting
 - Level 0.8 Short Blades
 + Level 1.7 Dodging
 * Level 4.0 Stealth
 - Level 2.1 Spellcasting
 + Level 3.1 Hexes


You had 4 spell levels left.
You knew the following spells:

 Your Spells              Type           Power        Failure   Level  Hunger
a - Corona                Hex            ##.....      6%          1    #......

Your spell library contained the following spells:

 Spells                   Type           Power        Failure   Level  Hunger
 Ensorcelled Hibernation  Hex/Ice        #.....       17%         2    ###....
 Confuse                  Hex            ##......     19%         3    ###....
 Tukima's Dance           Hex            ##......     19%         3    ###....
 Dazzling Spray           Conj/Hex       #.....       34%         3    ###....


Dungeon Overview and Level Annotations

Branches:
Dungeon (1/15)

Altars:


Innate Abilities, Weirdness & Mutations

You have extremely sharp teeth.
When hurt, damage is shared between your health and your magic reserves.
Your bite disrupts and absorbs the magic of your enemies.
Potions cannot restore your health.
You are immune to rotting.


Message History

The bat closely misses you. The bat hits you but does no damage.
The dart slug barely misses you.
You closely miss the bat.
The bat is severely wounded.
The bat barely misses you. The dart slug barely misses you. The rat bites you.
* * * LOW HITPOINT WARNING * * *
The bat barely misses you. The bat hits you but does no damage.
You closely miss the bat. Your bite misses the bat.
The bat is severely wounded.
The bat closely misses you. The bat hits you but does no damage.
The rat bites you.
* * * LOW HITPOINT WARNING * * *
You closely miss the bat.
The bat is severely wounded.
The bat hits you. The bat hits you but does no damage. The dart slug bites you.
* * * LOW HITPOINT WARNING * * *
The rat closely misses you. The bat misses you. The rat closely misses you.
The dart slug bites you. The bat hits you.
You die...

.!.( ####### ...
.##...).## ...
.........## #.#
?.........# #.#
..........####.##
.....†......).†.#
.....(....####rw######
..........# #.b@....#
..........#
#.#####....
.........## #.# #
.##.....## #.# ###..##
#)# ##..# #.# ##.# #.#
#.# #.# #.# .


You could see a dart slug, a bat and a rat.

Vanquished Creatures
  A kobold (D:1)
  3 bats (D:1)
  4 rats (D:1)
8 creatures vanquished.

Vanquished Creatures (others)
  A hobgoblin (D:1)
1 creature vanquished.

Grand Total: 9 creatures vanquished

Notes
Turn   | Place    | Note
-------+----------+-------------------------------------------
     0 | D:1      | D1HalberdGnoll the Vine Stalker Enchanter began the quest
                  | for the Orb.
     0 | D:1      | Reached XP level 1. HP: 9/9 MP: 4/4
   196 | D:1      | Reached skill level 4 in Stealth
   196 | D:1      | Reached XP level 2. HP: 7/14 MP: 1/6
   210 | D:1      | Slain by a bat

Levels and vault maps discovered:
D:1:      dpeg_arrival_circle_labyrinth_a, layout_rooms, grunt_decor_one_mirror,
          chequers_serial_rivers_small_b, minmay_misc_feat_plants

Skill      XL: |  1 |
---------------+----+-----
Stealth        | 4 |  4.0
Fighting       | |  0.3
Short Blades   | |  0.8
Dodging        | |  1.7
Spellcasting   | |  2.1
Hexes          | |  3.1

Action                   || total
-------------------------++-------
Melee: Dagger            ||    30
       Bite              ||     6
 Stab: Sleeping          ||     2
Armor: Robe              ||    17
Dodge: Dodged            ||    42

Table legend:
 A = Non-vault XP
 B = Vault XP
 C = Vault XP percentage of total XP
 D = Non-vault monster count
 E = Vault monster count
 F = Vault count percentage of total count
                 A         B        C        D         E       F
            +---------+---------+-------+---------+---------+-------
      Total |      12 |       0 |   0.0 |       9 |       0 |   0.0
            +---------+---------+-------+---------+---------+-------
        D:1 |      12 |       0 |   0.0 |       9 |       0 |   0.0
            +---------+---------+-------+---------+---------+-------
